AoeStats
← Tomate

Arena

508431756Analyzed
2v2 RM · 11d ago on Sep 22, 2026· 46m 5s· 4 players
Game mode
Random Map
Map size
Medium (4 player)
Population
200
Speed
Normal
Resources
Standard
Victory
Conquest
Starting age
Dark Age
Ending age
Imperial Age
RankedLock teamsTeams togetherTeam positionsShared explorationLock speedFull tech treeHidden civsTurbo modeCheats
Victory
Defeat
🇹🇼 Burgundians · Taiwan
1030
+13
🇹🇼 Turks · Taiwan
1019
+13
🇨🇱 Britons · Chile
967
-13
🇨🇱 Spanish · Chile
967
-13
chenshengyu
8:21 Double-Bit Axe
12:12 Feudal Age
15:55 Castle Age
14:10 Bow Saw
14:56 Wheelbarrow
14:05 Horse Collar
15:36 Heavy Plow
16:21 Wheelbarrow
22:16 Squires
24:20 Hand Cart
25:53 Scale Mail Armor
25:45 Fletching
25:56 Padded Archer Armor
25:48 Town Watch
29:08 Imperial Age
26:25 Elite Skirmisher
27:48 Ballistics
27:09 Treadmill Crane
27:52 Ballistics
27:45 Fortified Wall
27:52 Squires
27:53 Pikeman
29:34 Husbandry
29:47 Town Patrol
31:01 Leather Archer Armor
30:42 Bodkin Arrow
36:27 Bracer
36:29 Scale Mail Armor
36:57 Conscription
36:45 Burgundian Vineyards
38:19 Chemistry
37:05 Cavalier
39:34 Chain Mail Armor
39:25 Scale Barding Armor
39:34 Forging
39:36 Paladin
43:39 Chain Barding Armor
43:55 Iron Casting
46:12 Plate Barding Armor
46:38 Blast Furnace
otoro1218
11:35 Feudal Age
9:50 Loom
12:10 Town Watch
12:40 Double-Bit Axe
18:04 Castle Age
16:34 Stone Mining
17:14 Horse Collar
20:22 Bow Saw
22:05 Fletching
23:38 Bodkin Arrow
24:32 Heavy Plow
25:45 Gold Mining
29:06 Wheelbarrow
31:57 Imperial Age
30:20 Hand Cart
32:12 Gold Shaft Mining
31:56 Bloodlines
31:53 Husbandry
32:40 Forging
32:38 Scale Barding Armor
34:09 Artillery
34:40 Conscription
36:01 Hoardings
36:00 Town Patrol
36:27 Elite Janissary
38:57 Conscription
40:57 Hoardings
41:29 Chain Barding Armor
nnickk0
5:11 Loom
10:33 Feudal Age
15:34 Castle Age
13:38 Double-Bit Axe
14:28 Horse Collar
17:41 Stone Mining
22:58 Wheelbarrow
24:10 Bow Saw
24:15 Heavy Plow
24:55 Gold Mining
25:27 Fletching
27:15 Hand Cart
31:34 Imperial Age
30:21 Gold Shaft Mining
30:49 Bodkin Arrow
30:54 Padded Archer Armor
30:38 Man-at-Arms
31:04 Gambesons
31:20 Squires
31:59 Long Swordsman
32:52 Bracer
33:07 Leather Archer Armor
33:03 Forging
33:16 Elite Longbowman
33:49 Two-Handed Swordsman
36:12 Champion
39:57 Yeomen
39:40 Warwolf
39:44 Arson
43:03 Ring Archer Armor
43:09 Iron Casting
42:34 Scale Mail Armor
42:48 Pikeman
44:37 Husbandry
44:10 Halberdier
46:02 Conscription
Tomate
10:43 Feudal Age
15:33 Castle Age
13:59 Double-Bit Axe
14:19 Horse Collar
17:05 Fervor
17:03 Squires
17:27 Bow Saw
19:09 Wheelbarrow
19:43 Forging
20:11 Pikeman
20:41 Town Watch
22:34 Stone Mining
23:56 Hand Cart
24:48 Heavy Plow
24:41 Gold Mining
26:53 Husbandry
27:05 Bloodlines
27:30 Ballistics
30:28 Imperial Age
28:03 Murder Holes
30:17 Stone Shaft Mining
29:38 Fletching
29:50 Padded Archer Armor
29:56 Inquisition
30:26 Sanctity
30:19 Loom
30:35 Bodkin Arrow
30:45 Scale Barding Armor
30:17 Man-at-Arms
31:44 Gold Mining
32:45 Conscription
33:44 Bracer
33:59 Leather Archer Armor
34:06 Chain Barding Armor
34:22 Iron Casting
35:43 Scale Mail Armor
36:07 Block Printing
36:29 Theocracy
38:59 Chemistry
39:03 Blast Furnace
38:39 Plate Barding Armor
37:42 Elite Skirmisher
38:34 Halberdier
39:33 Chain Mail Armor
39:50 Ring Archer Armor
40:31 Thumb Ring
40:08 Cavalier
44:55 Plate Mail Armor
Connection lost

Rejoining the realm…

Still unreachable

The connection could not be restored.

Session expired

The server has moved on; the page needs a fresh start.